 Dungeon Crawl Stone Soup version 0.20-a0-317-gc038824 (webtiles) character file.

226699 rjrrt the Executioner (level 19, -7/186 HPs)
             Began as a Hill Orc Berserker on Dec 13, 2016.
             Was a High Priest of Trog.
             Splashed by a deep elf sorcerer's acid (14 damage)
             ... led by an ironheart preserver
             ... on level 4 of the Vaults on Dec 20, 2016.
             The game lasted 01:55:57 (35661 turns).

rjrrt the Executioner (Hill Orc Berserker)         Turns: 35661, Time: 01:55:57

Health: -7/186     AC: 39    Str: 21    XL:     19   Next: 36%
Magic:  23/25      EV: 10    Int: 11    God:    Trog [*****.]
Gold:   3837       SH:  0    Dex: 15    Spells: 18/18 levels left

rFire  . . .     SeeInvis .     a - +2 executioner's axe (flame)
rCold  + + .     Gourm    .     O - +2 crystal plate armour {rC+}
rNeg   . . .     Faith    .     (shield currently unavailable)
rPois  .         Spirit   .     g - +2 hat
rElec  .         Reflect  .     w - +1 cloak {MR+}
rCorr  .         Harm     .     L - +0 pair of gloves "Ojyimpif" {rC+ Regen+ Int+4}
MR     +++..                    (no boots)
Stlth  ..........               y - amulet of regeneration
                                F - ring of protection from magic
                                B - +5 ring of protection

@: no status effects
A: rugged brown scales 1, weak 1
}: 1/15 runes: decaying
a: Berserk, Trog's Hand, Brothers in Arms, Burn Spellbooks, Renounce Religion


You were on level 4 of the Vaults.
You worshipped Trog.
Trog was extremely pleased with you.
You were not hungry.

You visited 5 branches of the dungeon, and saw 31 of its levels.
You also visited: Labyrinth, Bailey and Ice Cave.

You collected 4409 gold pieces.
You spent 572 gold pieces at shops.

Inventory:

Hand Weapons
 a - a +2 executioner's axe of flaming (weapon)
 c - the +8 whip "Snakebite" {curare, rPois}
   (You found it on level 1 of the Lair of Beasts)

   It poisons the flesh of those it strikes.
   It protects you from poison.
 m - a +6 antimagic executioner's axe
Missiles
 d - 7 javelins of returning
 o - 4 throwing nets
 s - 3 poisoned javelins
 J - 31 tomahawks of returning (quivered)
Armour
 g - a +2 hat (worn)
 w - a +1 cloak of magic resistance (worn)
 K - the +0 pair of gloves "Loifraxt" {rCorr}
   (You found it in an ice cave)

   It protects you from acid and corrosion.
 L - the +0 pair of gloves "Ojyimpif" (worn) {rC+ Regen+ Int+4}
   (You found it in an ice cave)

   It affects your intelligence (+4).
   It protects you from cold.
   It increases your rate of regeneration.
 O - a +2 crystal plate armour of cold resistance (worn)
 Q - a +2 pair of gloves
Rods
 b - a +0 iron rod (9/9)
   (You took it off a kobold demonologist on level 14 of the Dungeon)
Jewellery
 y - an amulet of regeneration (around neck)
 B - a +5 ring of protection (left hand)
 C - the amulet of Giycw {Gourm Int+3, unknown}
   (You found it on level 4 of the Swamp)

   [amulet of the gourmand]

   It allows you to eat raw meat even when not hungry.
   It affects your intelligence (+3).
 F - a ring of protection from magic (right hand)
 N - a cursed amulet of inaccuracy {unknown}
 S - an uncursed ring of see invisible
 T - an uncursed ring of protection from fire
Wands
 p - a wand of lightning (9/15)
 x - a wand of teleportation (9/9)
 z - a wand of paralysis (8/24)
 A - a wand of lightning (6/15)
 I - a wand of polymorph (1/24)
Scrolls
 e - 2 scrolls of blinking
 f - 6 scrolls of teleportation
 j - 7 scrolls of fear
 l - 11 scrolls of remove curse
 r - 18 scrolls of identify
 H - 2 scrolls of magic mapping
 M - a scroll of recharging
Potions
 h - 4 potions of might
 k - a potion of heal wounds
 n - 2 potions of cancellation
 t - 8 potions of curing
 u - 6 potions of haste
 v - 2 potions of cure mutation
 D - 6 potions of flight
 G - a potion of resistance
 R - 6 potions of agility
 U - a potion of ambrosia
 V - a potion of invisibility
Comestibles
 i - 7 meat rations
 q - 16 bread rations
 E - 17 fruits
 P - 6 royal jellies
 W - 3 chunks of flesh


   Skills:
 * Level 18.7 Fighting
 + Level 24.5 Axes
 - Level 1.0 Throwing
 * Level 17.5 Armour
 + Level 10.4 Dodging
 + Level 8.3 Evocations


You had 18 spell levels left.
You didn't know any spells.

Dungeon Overview and Level Annotations

Branches:
Dungeon (15/15)            Temple (0/1) D:6            Lair (6/6) D:10
  Swamp (4/4) Lair:2        Snake (0/4) Lair:2        Slime (0/5) Lair:5
    Orc (2/2) D:12            Elf (0/3) Orc:2        Vaults (4/5) D:13
  Crypt (0/3) Vaults:2     Depths (0/5) D:15

Altars:
Ashenzari
Cheibriados
Gozag
Kikubaaqudgha
Sif Muna
Trog
Xom
Beogh
Jiyva

Shops:
D:4 }   D:14 !}(*   Orc:1 %(   Orc:2 :*[(

Portals:
Trove: D:10 (give 21 scrolls of identify)

Annotations:
Vaults:4 MolotovDodgeball's ghost, veteran HOFi


Innate Abilities, Weirdness & Mutations

You are partially covered in rugged brown scales. (AC +1, +3% HP)
You are weak. (Str -2)


Message History

The orc warrior completely misses you.
You feel much better.
The deep elf sorcerer barely misses you.
Your ogre barely misses the orc warrior.
MolotovDodgeball's ghost hits you!!
* * * LOW HITPOINT WARNING * * *
You are electrocuted!
* * * LOW HITPOINT WARNING * * *
The orc warrior closely misses you.
You feel much better.
The deep elf sorcerer casts a spell at you.
You resist with almost no effort.
Your ogre hits the orc warrior with a giant spiked club!
MolotovDodgeball's ghost hits you!
* * * LOW HITPOINT WARNING * * *
The deep elf sorcerer gestures at you while chanting.
The bolt of acid hits you!
* * * LOW HITPOINT WARNING * * *
You are splashed with acid!
The acid burns!
You die...

.......# .......# #...
.......# ##..## #'######
#...'. ....# #...' ....#
#...#### '#..# #o.$...#
.+..# #)OW)..# .####
#.@(#
....#############e#######
....#....................
.####[...................
.'..))......########.....
+#..#)......# .....
....#.......# ....
....#.......# ...
#####.......# ...


You could see a deep elf sorcerer, an orc warrior, MolotovDodgeball's ghost and
a friendly ogre (berserk).

Vanquished Creatures
  Mennas (Vaults:2)
  Frederick (Vaults:4)
  Nikola (Swamp:2)
  Rupert (D:13)
  2 liches (Vaults:3)
  2 thorn hunters
  Roxanne (Swamp:3)
  Gastronok (Lair:1)
  2 fire giants (Vaults:3)
  2 orc warlords
  A frost giant (Vaults:4)
  6 vault wardens
  7 ironheart preservers
  4 stone giants
  A deep elf demonologist (Vaults:3)
  An ettin (Vaults:2)
  Snorg (Lair:4)
  A deep elf death mage (Vaults:2)
  Josephine (Lair:5)
  2 fire dragons
  A minotaur (Lab)
  A great orb of eyes (Vaults:2)
  2 vault guards
  7 yaktaur captains
  An ice dragon (Vaults:4)
  Erolcha (Orc:1)
  4 ghost crabs
  5 centaur warriors
  A catoblepas (Lair:6)
  6 hydras
  2 dancing weapons (D:13)
  2 ogre magi
  A deep troll earth mage (Vaults:3)
  2 tengu warriors
  5 alligators
  An orc high priest (Orc:2)
  3 deep troll shamans
  5 large abominations (D:15)
  A soul eater (Vaults:2)
  Nergalle (Lair:1)
  5 deep elf knights
  A shadow wraith (Vaults:2)
  3 skeletal warriors (D:14)
  7 unseen horrors
  A spriggan druid (Swamp:2)
  A glowing orange brain (Vaults:1)
  A swamp dragon (Swamp:3)
  3 phantasmal warriors
  9 deep trolls
  5 removed MONS_HILL_GIANTs
  2 shambling mangroves
  10 orc knights
  3 necromancers
  2 wizards
  2 spectral hydras (Swamp:4)
  9 ironbrand convokers
  4 deep elf archers
  6 orc sorcerers
  2 deep elf magi
  2 wolf spiders
  4 harpies (Vaults:3)
  13 ugly things
  5 cyclopes
  3 manticores
  11 vault sentinels
  7 black mambas
  2 ice statues (IceCv)
  21 elephants
  4 centaur zombies
  3 gargoyles
  4 kobold demonologists (D:14)
  15 spiny frogs
  26 yaktaurs
  A rime drake (Lair:6)
  A freezing wraith (Vaults:2)
  A human zombie (Vaults:3)
  5 komodo dragons
  10 ice devils (IceCv)
  5 swamp worm zombies (Swamp:4)
  12 trolls
  A queen bee (shapeshifter) (Vaults:3)
  4 hydra zombies (Swamp:4)
  5 two-headed ogres
  5 polar bears (Lair:6)
  A meliai (D:11)
  12 hornets
  A wind drake (shapeshifter) (Vaults:2)
  5 bog bodies
  19 blink frogs
  2 alligator zombies (Swamp:4)
  24 slime creatures
  2 tyrant leeches (Swamp:2)
  5 dream sheep (Lair:6)
  2 hippogriffs (shapeshifter)
  2 spectral swamp dragons (Swamp:4)
  16 hippogriffs
  A meliai zombie (D:15)
  A redback (Lab)
  A frost giant simulacrum (Vaults:3)
  15 spriggans
  A redback (shapeshifter) (Vaults:2)
  2 shadows
  An ettin skeleton (Vaults:3)
  2 wyverns
  30 yaks
  6 wraiths
  A vampire (D:15)
  A golden eye (shapeshifter) (Vaults:2)
  A human (shapeshifter) (Vaults:1)
  4 basilisks
  19 vampire mosquitoes
  4 wargs
  An acid dragon (D:15)
  A yaktaur simulacrum (Vaults:1)
  19 swamp worms
  3 nagas (Lair:2)
  19 insubstantial wisps
  11 water moccasins
  2 soldier ants (D:14)
  14 porcupines
  4 sky beasts
  2 swamp drakes
  56 orc warriors
  3 ice beasts
  A swamp dragon zombie (Swamp:4)
  4 black bears (Lair:6)
  8 boggarts
  3 necrophages
  19 wolves
  17 ogres
  7 phantoms
  17 centaurs
  7 crocodiles
  9 big kobolds
  17 bullfrogs
  A wyvern zombie (D:8)
  2 elf simulacra
  2 wyvern skeletons (D:13)
  3 scorpions
  4 killer bees (D:10)
  3 wights (D:10)
  3 howler monkeys (D:10)
  6 crimson imps
  2 bullfrog zombies
  14 orc priests
  3 jellies
  3 human simulacra
  7 hounds
  4 centaur skeletons
  2 bullfrog skeletons
  33 orc wizards
  Ijyb (D:3)
  4 iguanas
  A spectral swamp drake (Swamp:4)
  9 worker ants
  7 small abominations (D:15)
  A hound skeleton (D:11)
  A worker ant zombie (D:10)
  8 gnolls
  A swamp drake zombie (Swamp:4)
  13 adders
  4 shadow imps
  8 white imps (IceCv)
  9 ufetubi (IceCv)
  An adder zombie (D:8)
  6 worms
  2 dart slugs
  2 leopard geckos (D:9)
  109 orcs
  5 giant cockroaches
  13 goblins
  8 hobgoblins
  3 jackals
  37 kobolds
  3 quokkas
  4 bats
  4 frilled lizards
  A jackal skeleton (D:8)
  A quokka skeleton (D:4)
  4 rats
  2 briar patches (Swamp:2)
  3 fungi
  2 plants
1131 creatures vanquished.

Vanquished Creatures (collateral kills)
  Mara (Vaults:3)
  A bone dragon (Swamp:4)
  An orc warlord (Orc:1)
  A reaper (IceCv)
  The ghost of Da5id the Basher, a journeyman DrMo of Kikubaaqudgha (Lair:2)
  A hydra (Lair:1)
  A spectral hydra (Swamp:4)
  2 deep trolls (Vaults:2)
  4 orc knights
  A vault sentinel (Vaults:2)
  An ice devil (IceCv)
  A freezing wraith (Vaults:2)
  2 hydra zombies (Swamp:4)
  A blink frog (Lair:6)
  A spectral swamp dragon (Swamp:4)
  4 spriggans
  An insubstantial wisp (Swamp:4)
  A porcupine (Lair:1)
  An orc warrior (Orc:1)
  A phantom (Swamp:4)
  A crocodile (Lair:6)
  An ufetubus (IceCv)
30 creatures vanquished.

Vanquished Creatures (others)
  An alligator (Swamp:4)
  A deep elf knight (Vaults:3)
  A spriggan druid (Swamp:4)
  A cyclops (Vaults:2)
  A hornet (Vaults:3)
  A centaur (D:15)
  A white imp (IceCv)
  An ufetubus (IceCv)
  25 fungi
  3 plants
36 creatures vanquished.

Grand Total: 1197 creatures vanquished

Notes
Turn   | Place    | Note
-------+----------+-------------------------------------------
     0 | D:1      | rjrrt the Hill Orc Berserker began the quest for the Orb.
     0 | D:1      | Reached XP level 1. HP: 19/19 MP: 1/1
   109 | D:1      | Reached XP level 2. HP: 25/26 MP: 2/2
   258 | D:1      | Reached skill level 5 in Axes
   644 | D:2      | Reached XP level 3. HP: 22/31 MP: 3/3
  1500 | D:3      | Reached skill level 6 in Axes
  1500 | D:3      | Reached XP level 4. HP: 30/39 MP: 4/4
  1630 | D:3      | Noticed Ijyb
  1651 | D:3      | Killed Ijyb
  1657 | D:3      | Reached skill level 7 in Axes
  1657 | D:3      | Reached XP level 5. HP: 45/45 MP: 5/5
  2056 | D:3      | Noticed an ogre
  2076 | D:3      | Killed an ogre
  2076 | D:3      | Reached skill level 8 in Axes
  2165 | D:3      | Reached XP level 6. HP: 51/51 MP: 6/6
  2168 | D:3      | Reached ** piety under Trog
  2261 | D:3      | Reached skill level 9 in Axes
  2931 | D:4      | Found Riosup's Gadget Boutique.
  3171 | D:4      | Reached XP level 7. HP: 35/59 MP: 7/7
  3597 | D:4      | Reached skill level 10 in Axes
  3993 | D:4      | Found a deep blue altar of Sif Muna.
  4128 | D:5      | Entered Level 5 of the Dungeon
  4214 | D:5      | Found a shattered altar of Ashenzari.
  4312 | D:5      | Reached skill level 5 in Fighting
  4556 | D:5      | Reached XP level 8. HP: 64/68 MP: 8/8
  5082 | D:6      | Found a staircase to the Ecumenical Temple.
  5235 | D:6      | Reached *** piety under Trog
  5235 | D:6      | Reached skill level 11 in Axes
  5822 | D:6      | Reached skill level 5 in Armour
  6310 | D:7      | Found a shimmering altar of Xom.
  6400 | D:7      | Noticed a hippogriff
  6412 | D:7      | Killed a hippogriff
  6412 | D:7      | Reached skill level 12 in Axes
  6412 | D:7      | Reached XP level 9. HP: 24/78 MP: 9/9
  6578 | D:7      | Found a bloodstained altar of Trog.
  7180 | D:7      | Found an ancient bone altar of Kikubaaqudgha.
  7570 | D:8      | Reached skill level 13 in Axes
  7629 | D:8      | Reached **** piety under Trog
  7901 | D:9      | Noticed a troll
  7912 | D:9      | Killed a troll
  8164 | D:9      | Found a shimmering altar of Xom.
  8177 | D:9      | Reached XP level 10. HP: 75/88 MP: 10/10
  8244 | D:9      | Found a snail-covered altar of Cheibriados.
  8296 | D:9      | Reached skill level 14 in Axes
  8754 | D:10     | Entered Level 10 of the Dungeon
  9185 | D:10     | Found a portal to a secret trove of treasure.
  9623 | D:10     | Noticed a hill giant
  9783 | D:10     | Killed a hill giant
  9803 | D:10     | Found a staircase to the Lair.
  9880 | D:10     | Reached skill level 15 in Axes
 10092 | Lair:1   | Entered Level 1 of the Lair of Beasts
 10097 | Lair:1   | Noticed Nergalle
 10106 | Lair:1   | Killed Nergalle
 10194 | Lair:1   | Reached XP level 11. HP: 89/99 MP: 11/11
 10282 | Lair:1   | Noticed an eight-headed hydra
 10312 | Lair:1   | Killed an eight-headed hydra
 10757 | Lair:1   | Noticed Gastronok
 10769 | Lair:1   | Killed Gastronok
 10769 | Lair:1   | Reached skill level 10 in Fighting
 10769 | Lair:1   | Reached skill level 16 in Axes
 11181 | Lair:1   | Reached ***** piety under Trog
 11374 | Lair:2   | Noticed Da5id's ghost (journeyman DrMo)
 11680 | Lair:3   | Reached skill level 10 in Armour
 11698 | Lair:3   | Reached skill level 17 in Axes
 12127 | Lair:3   | Reached XP level 12. HP: 110/110 MP: 12/12
 13032 | Lair:4   | Noticed Snorg
 13032 | Lair:4   | Reached skill level 18 in Axes
 13042 | Lair:4   | Killed Snorg
 13777 | Lair:5   | Found a viscous altar of Jiyva.
 14009 | Lair:5   | Found a staircase to the Slime Pits.
 14181 | Lair:5   | Noticed Josephine
 14206 | Lair:5   | Killed Josephine
 14336 | Lair:5   | Reached XP level 13. HP: 116/119 MP: 13/13
 14469 | Lair:5   | Received a gift from Trog
 14559 | Lair:6   | Entered Level 6 of the Lair of Beasts
 14850 | Lair:6   | Reached skill level 5 in Dodging
 14883 | Lair:6   | Found a labyrinth entrance.
 14891 | Lab      | Entered a labyrinth
 16001 | Lab      | Noticed a minotaur
 16009 | Lab      | Killed a minotaur
 16086 | Lair:6   | Reached skill level 19 in Axes
 17001 | Lair:6   | Reached XP level 14. HP: 92/129 MP: 14/14
 17067 | Lair:6   | Received a gift from Trog
 17741 | Lair:2   | Found a staircase to the Swamp.
 17980 | D:11     | Noticed Sonja
 17983 | D:11     | Noticed Sonja
 17983 | D:11     | Sonja changed into Sonja the meliai
 17990 | D:11     | Killed Sonja the meliai
 18016 | D:11     | Reached skill level 20 in Axes
 18775 | D:12     | Found a flagged portal.
 18798 | Bailey   | Entered a bailey
 19211 | D:12     | Received a gift from Trog
 19234 | D:12     | Found a staircase to the Orcish Mines.
 19374 | D:12     | Reached skill level 21 in Axes
 19688 | Orc:1    | Entered Level 1 of the Orcish Mines
 19701 | Orc:1    | Noticed Erolcha
 19713 | Orc:1    | Killed Erolcha
 19736 | Orc:1    | Received a gift from Trog
 19830 | Orc:2    | Entered Level 2 of the Orcish Mines
 19833 | Orc:2    | Noticed an orc warlord
 19859 | Orc:1    | Killed an orc warlord
 19921 | Orc:2    | Reached ****** piety under Trog
 20808 | Orc:2    | Received a gift from Trog
 20927 | Orc:2    | Found a staircase to the Elven Halls.
 20944 | Orc:1    | Found Koxue's Food Emporium.
 20981 | Orc:1    | Found Zes Vod's Antique Weapon Shop.
 21125 | Orc:1    | Noticed an orc warlord
 21136 | Orc:1    | Killed an orc warlord
 21136 | Orc:1    | Reached XP level 15. HP: 69/138 MP: 5/15
 21525 | Orc:2    | Upgraded the game from 0.20-a0-277-g7db01f4 to 0.20-a0-296-gf222164
 21567 | Orc:2    | Gained mutation: You are weak. (Str -2) [a neqoxec]
 21664 | Orc:2    | Found a roughly hewn altar of Beogh.
 21667 | Orc:2    | Noticed an orc warlord
 21704 | Orc:2    | Killed an orc warlord
 21836 | Orc:2    | Found Faoneur's General Store.
 21867 | Orc:2    | Found Weip's Antique Weapon Boutique.
 21891 | Orc:2    | Found Ymoetyv's Antique Armour Boutique.
 21911 | Orc:2    | Found Laug Qocic's Book Boutique.
 22104 | Orc:1    | Received a gift from Trog
 22254 | D:13     | Found a gate to the Vaults.
 22428 | D:13     | Found a frozen archway.
 22442 | IceCv    | Entered an ice cave
 22559 | IceCv    | Got a pair of ancient gloves
 22562 | IceCv    | Got a pair of smoking gloves
 22575 | IceCv    | Identified the cursed +0 pair of gloves "Loifraxt" {rCorr} (You found it in an ice cave)
 22586 | IceCv    | Identified the +0 pair of gloves "Ojyimpif" {rC+ Regen+ Int+4} (You found it in an ice cave)
 22984 | D:13     | Reached skill level 22 in Axes
 23294 | D:13     | Noticed Rupert
 23303 | D:13     | Killed Rupert
 23551 | D:14     | Found Siffyo's Assorted Antiques.
 23556 | D:14     | Bought a scroll of identify for 66 gold pieces
 23556 | D:14     | Bought a blackened bone wand for 132 gold pieces
 23556 | D:14     | Bought a scroll labeled QAMIRAQOSH for 33 gold pieces
 23592 | D:14     | Found Hagrunt's Weapon Shop.
 23920 | D:14     | Reached skill level 1 in Throwing
 24047 | D:14     | Found Cigeuju's Gadget Emporium.
 24155 | D:14     | Found Nuafeda's Distillery.
 24163 | D:14     | Bought a potion of resistance for 110 gold pieces
 24163 | D:14     | Bought a potion of curing for 33 gold pieces
 24163 | D:14     | Bought a potion of curing for 33 gold pieces
 24163 | D:14     | Bought a potion of haste for 110 gold pieces
 24163 | D:14     | Bought a potion of berserk rage for 55 gold pieces
 24228 | D:14     | Reached skill level 1 in Evocations
 24242 | D:14     | Received a gift from Trog
 24411 | D:15     | Entered Level 15 of the Dungeon
 24616 | D:15     | Reached skill level 15 in Fighting
 24716 | D:15     | Received a gift from Trog
 25271 | D:15     | Reached XP level 16. HP: 137/149 MP: 5/17
 25517 | D:15     | Found a staircase to the Depths.
 25809 | Lair:2   | Killed Da5id's ghost
 25858 | Lair:2   | Found a staircase to the Snake Pit.
 26484 | Swamp:1  | Entered Level 1 of the Swamp
 26583 | Swamp:1  | Reached skill level 23 in Axes
 26822 | Swamp:1  | Received a gift from Trog
 27241 | Swamp:2  | Upgraded the game from 0.20-a0-296-gf222164 to 0.20-a0-299-gec7c366
 27386 | Swamp:2  | Noticed Nikola
 27399 | Swamp:2  | Killed Nikola
 27434 | Swamp:2  | Noticed a thorn hunter
 27450 | Swamp:2  | Killed a thorn hunter
 27732 | Swamp:2  | Found an opulent altar of Gozag.
 27918 | Swamp:3  | Noticed a thorn hunter
 27929 | Swamp:3  | Killed a thorn hunter
 28003 | Swamp:3  | Noticed Roxanne
 28022 | Swamp:3  | Killed Roxanne
 28052 | Swamp:3  | Identified Roxanne's Handbook of Earth (You took it off Roxanne on level 3 of the Swamp)
 28640 | Swamp:3  | Received a gift from Trog
 28870 | Swamp:4  | Entered Level 4 of the Swamp
 28924 | Swamp:4  | Gained mutation: You are partially covered in rugged brown scales. (AC +1, +3% HP) [potion of beneficial mutation]
 29301 | Swamp:4  | Got a warped garnet amulet
 29377 | Swamp:4  | Reached XP level 17. HP: 162/162 MP: 20/20
 29402 | Swamp:4  | Reached skill level 15 in Armour
 29514 | Swamp:4  | Reached skill level 5 in Evocations
 29777 | Swamp:4  | Received a gift from Trog
 29819 | Swamp:4  | Noticed a bone dragon
 29829 | Swamp:4  | Killed a bone dragon
 29874 | Swamp:4  | Got a decaying rune of Zot
 30034 | Swamp:3  | Received a gift from Trog
 30219 | Vaults:1 | Entered Level 1 of the Vaults
 31448 | Vaults:2 | Noticed Mennas
 32130 | Vaults:2 | Found a bloodstained altar of Trog.
 32287 | Vaults:2 | Found a staircase to the Crypt.
 32413 | Vaults:2 | Reached XP level 18. HP: 110/172 MP: 22/22
 32433 | Vaults:2 | Received a gift from Trog
 32613 | Vaults:2 | Killed Mennas
 32613 | Vaults:2 | Reached skill level 24 in Axes
 33581 | Vaults:2 | Upgraded the game from 0.20-a0-299-gec7c366 to 0.20-a0-309-gcba9277
 33768 | Vaults:3 | Received a gift from Trog
 34083 | Vaults:3 | Reached skill level 10 in Dodging
 34173 | Vaults:3 | Noticed a lich
 34177 | Vaults:3 | Noticed Mara
 34181 | Vaults:3 | Noticed rjrrt's illusion
 34321 | Vaults:3 | Received a gift from Trog
 34729 | Vaults:3 | Killed Mara
 34732 | Vaults:3 | Upgraded the game from 0.20-a0-309-gcba9277 to 0.20-a0-317-gc038824
 34808 | Vaults:3 | Noticed an Ice Fiend
 34832 | Vaults:3 | Reached XP level 19. HP: 140/184 MP: 8/24
 35152 | Vaults:3 | Noticed a lich
 35162 | Vaults:3 | Killed a lich
 35178 | Vaults:3 | Killed a lich
 35526 | Vaults:4 | Noticed Frederick
 35541 | Vaults:4 | Killed Frederick
 35643 | Vaults:4 | Noticed MolotovDodgeball's ghost (veteran HOFi)
 35660 | Vaults:4 | HP: 3/186 [MolotovDodgeball's ghost (19)]
 35661 | Vaults:4 | Splashed by a deep elf sorcerer's acid

Vault maps used:
D:1:      minmay_arrival_four_circles
D:2:      fedhas_altar_3
D:3:      uniq_iyjb
D:4:      serial_shops, kennysheep_mini_moat, lemuel_blue_sif_altar
D:5:      basic_altar, first_bread
D:6:      cheibrodos_thug_alley, minmay_gold_behind_fungi
D:7:      marbit_many_paths, lightli_temple_of_fire, lemuel_statue_altar
D:9:      cheibriados_altar_wand_db, basic_altar
D:10:     grunt_lair_entry_orc_guard_hut, enter_trove_6
D:11:     uniq_sonja
D:12:     erik_orc_3, enter_bailey_2
D:13:     erik_vaults_1, portal_ice_cave_entry_pillars_2, uniq_rupert
D:14:     roderic_cross_of_infinity, serial_shops, shop, shop, shop, shop,
          hangedman_pestilent_swarm, abandoned_shop
D:15:     grunt_enter_depths_magical_seal, hangedman_decor_points, laboratory
Lair:1:   minmay_guarded_unrand_snakebite, grunt_forest_large_clearing_hut,
          uniq_nergalle, uniq_gastronok
Lair:2:   minmay_swamp_entry_swarm, minmay_snake_entry_guardpost_small
Lair:4:   uniq_snorg
Lair:5:   slime_altar_1, serial_bayou_shore_b, uniq_josephine
Lair:6:   minmay_lair_end_enchanted_forest, lab_entry_generic,
          lemuel_fruit_tree, grunt_megastairs_2
Swamp:1:  evilmike_swamp_ruin_rubble_2
Swamp:2:  nicolae_swamp_godswood, uniq_nikola
Swamp:3:  evilmike_swamp_ruin_house_4, uniq_roxanne
Swamp:4:  swamp_pestilence
Orc:1:    serial_shops, shop, nicolae_shop_competitors_out_of_business,
          special_room, uniq_erolcha
Orc:2:    grunt_orc_cross
Vaults:1: v_misc_4, vaults_room_grid, nicolae_vaults_circle_grid_b, v_misc_24,
          serial_ice_g, vaults_room_fours, nicolae_vaults_yaktaur_gun_rack,
          vaults_room_octagon
Vaults:2: vaults_dpeg_ring, hangedman_vaults_maws,
          nicolae_vaults_network_square, v_pattern_3,
          minmay_crypt_entry_simple_sparse, v_misc_33, v_misc_19,
          ontoclasm_vaults_eye, basic_altar, uniq_mennas
Vaults:3: dpeg_vaults_monster_box, v_misc_16, hangedman_vaults_maws,
          grunt_vaults_funnel, grunt_vaults_trifunnel, v_pattern_2,
          nicolae_vaults_what_the_h, ontoclasm_vaults_fault,
          ontoclasm_vaults_shuriken, v_misc_19, vaults_room_pools, uniq_mara
Vaults:4: nicolae_vaults_shelves_hall, hangedman_vaults_nails,
          vaults_room_fancy_cross, v_alt_pattern_6, nicolae_vaults_puzzle_piece,
          hangedman_vaults_snaps, nicolae_vaults_ring_of_whatevers,
          vaults_dpeg_hooks, ontoclasm_vaults_twist, vaults_room_semicircle,
          nicolae_vaults_alarming, nicolae_vaults_asterisk,
          nicolae_vaults_mini_display_case, nicolae_vaults_gold_heap,
          uniq_frederick
Lab:      nicolae_lab_stuck, nicolae_lab_grate
Bailey:   bailey_axe_1, bailey
IceCv:    ice_cave_small_demon

Skill      XL: |  1  2  3  4  5  6  7  8  9 10 11 12 13 14 15 16 17 18 19 |
---------------+----------------------------------------------------------+-----
Axes           | 5 6 7 8 9 10 12 13 15 17 18 19 21 22 23 24 | 24.5
Fighting       | 4 5 6 8 9 11 12 13 14 15 16 17 18 | 18.7
Armour         | 3 5 7 8 10 11 12 13 14 16 17 | 17.5
Dodging        | 3 6 7 8 9 10 | 10.4
Throwing       | 1 |  1.0
Evocations     | 2 4 6 7 8 |  8.3

Action                   |  1- 3 |  4- 6 |  7- 9 | 10-12 | 13-15 | 16-18 | 19-21 || total
-------------------------+-------+-------+-------+-------+-------+-------+-------++-------
Melee: Hand axe          |   101 |   114 |       |       |       |       |       ||   215
       War axe           |       |    22 |   352 |   187 |       |       |       ||   561
       Broad axe         |       |       |       |   373 |   279 |       |       ||   652
       Short sword       |       |       |       |     2 |       |       |       ||     2
       Whip              |       |       |       |       |   165 |    33 |       ||   198
       Executioner's axe |       |       |       |       |   998 |  1302 |   125 ||  2425
Throw: Stone             |       |       |     8 |     5 |       |       |       ||    13
       Tomahawk          |       |       |       |     4 |    25 |     3 |       ||    32
Invok: Berserk           |     1 |     7 |     6 |    12 |     2 |     1 |     1 ||    30
       Burn Spellbooks   |       |       |     1 |     1 |     3 |     4 |       ||     9
       Brothers in Arms  |       |       |       |     2 |     6 |     9 |     1 ||    18
       Trog's Hand       |       |       |       |       |     3 |     2 |     1 ||     6
Evoke: Wand              |       |       |       |     3 |     2 |       |       ||     5
  Use: Scroll            |       |       |    20 |     6 |     9 |     8 |     1 ||    44
       Potion            |       |       |       |     2 |     5 |     6 |     3 ||    16
 Stab: Petrified         |       |       |       |       |     2 |       |       ||     2
       Distracted        |       |       |       |       |     2 |     3 |       ||     5
  Eat: Chunk             |     1 |     4 |    18 |    22 |    30 |    21 |     3 ||    99
       Bread ration      |       |     1 |       |       |       |       |       ||     1
       Meat ration       |       |     1 |       |     1 |     1 |       |       ||     3
       Beef jerky        |       |       |     1 |     1 |     2 |     5 |       ||     9
       Royal jelly       |       |       |     1 |     1 |     1 |     4 |     1 ||     8
       Fruit             |       |       |       |     3 |     1 |       |       ||     4
       Pizza             |       |       |       |       |       |     1 |       ||     1
Armor: Animal skin       |    16 |       |       |       |       |       |       ||    16
       Scale mail        |       |    38 |    76 |       |       |       |       ||   114
       Leather armour    |       |     1 |       |       |       |       |       ||     1
       Plate armour      |       |       |    46 |   309 |   812 |       |       ||  1167
       Crystal plate arm |       |       |       |       |   361 |  1323 |    78 ||  1762
Dodge: Dodged            |    62 |    51 |   136 |   147 |   709 |   506 |    51 ||  1662
